Panthers vs Stars

Created - November-14-14 at 17:28

Goals
1 2 3 T
Panthers 2 1 1 4
Stars 1 1 1 3
Shots
1 2 3 T
Panthers 5 9 8 22
Stars 22 12 12 46

1st period

1. Stars , Wayne Simmonds 2 (Evander Kane, Zdeno Chara) at 5:56
2. Panthers , Sami Salo 2 (Hampus Lindholm, David Backes) at 12:38
3. Panthers , Kyle Turris 9 (Danny DeKeyser, Niklas Hjalmarsson) at 15:15

Penalties :
Clarke MacArthur (FLA) for Hooking (Minor) at 0:32, Matt Niskanen (FLA) for Holding (Minor) at 3:43, Sami Salo (FLA) for Roughing (Minor) at 8:11, Shea Weber (DAL) for Fighting (Major) at 16:33, Sami Salo (FLA) for Fighting (Major) at 16:33

2nd period

4. Panthers , Kyle Turris 10 (Matt Carle, Patric Hornqvist) at 4:32 (PP)
5. Stars , Jarome Iginla 8 (Shea Weber) at 5:06

Penalties :
Sheldon Brookbank (DAL) for Hooking (Minor) at 1:32, Brenden Dillon (DAL) for Tripping (Minor) at 3:48, Shea Weber (DAL) for Slashing (Minor) at 5:32, Sheldon Brookbank (DAL) for Tripping (Minor) at 8:42, Patric Hornqvist (FLA) for Roughing (Minor) at 18:01

3rd period

6. Panthers , David Backes 6 (Danny DeKeyser, Henrik Zetterberg) at 0:54 (PP)
7. Stars , Mark Scheifele 2 (Brandon Dubinsky, Zdeno Chara) at 11:46

Penalties :
Zdeno Chara (DAL) for Boarding (Minor) at 0:18, Lauri Korpikoski (FLA) for Tripping (Minor) at 2:53, Brandon Dubinsky (DAL) for Tripping (Minor) at 8:08, Evander Kane (DAL) for Goalie Interference (Minor) at 18:49

Goalie Stats

Ben Bishop (FLA), 43 saves from 46 shots - (0.935), W, 10-5-1, 60:00 minutes
Braden Holtby (DAL), 6 saves from 6 shots - (1.000), 18:16 minutes
Semyon Varlamov (DAL), 12 saves from 16 shots - (0.750), L, 8-6-1, 40:54 minutes

Players Stats for Panthers

Player Name              G  A  P  +/- PIM S  H  SB GA TA FO     MP     PP MP  PK MP  
------------------------------------------------------------------------------------
Clarke MacArthur         0  0  0  -1  2   0  0  0  0  0  0/1    12:45   0:00   0:48 
Danny DeKeyser           0  2  2  -1  0   1  4  5  0  0  0/0    24:26   4:39   5:25 
David Backes             1  1  2   1  0   3  3  0  0  0  16/28  23:36   5:31   2:33 
Hampus Lindholm          0  1  1   0  0   2  2  3  0  0  0/0    17:06   5:47   0:36 
Henrik Zetterberg        0  1  1   1  0   1  0  0  0  0  0/0    23:27   5:31   2:24 
Jonathan Huberdeau       0  0  0  -1  0   0  0  0  0  0  0/0     4:42   0:00   0:14 
Kyle Turris              2  0  2  -1  0   3  0  0  0  0  10/22  16:53   4:55   0:00 
Lauri Korpikoski         0  0  0   0  2   1  0  0  0  0  1/1    13:09   0:00   5:29 
Marcel Goc               0  0  0  -1  0   0  1  0  0  0  16/22  11:30   0:00   7:02 
Matt Carle               0  1  1   0  0   1  0  4  0  0  0/0    23:55   4:39   5:54 
Matt Niskanen            0  0  0   0  2   1  2  4  0  0  0/0    24:35   5:31   3:10 
Nathan MacKinnon         0  0  0   0  0   1  0  0  0  0  6/11    7:41   0:00   0:00 
Niklas Hjalmarsson       0  1  1  -1  0   2  0  3  0  0  0/0    18:02   0:16   4:45 
Patric Hornqvist         0  1  1   0  2   3  0  0  0  0  0/1    13:55   4:55   1:20 
Rick Nash                0  0  0   1  0   0  0  0  0  0  1/1    21:03   5:31   0:00 
Rob Klinkhammer          0  0  0  -1  0   0  0  0  0  0  0/1     4:28   0:00   0:00 
Sami Salo                1  0  1   0  7   2  1  2  0  0  0/0    11:53   0:00   0:00 
Shane Doan               0  0  0  -1  0   1  4  0  0  0  3/6    16:53   4:55   0:00 

Players Stats for Stars

Player Name              G  A  P  +/- PIM S  H  SB GA TA FO     MP     PP MP  PK MP  
------------------------------------------------------------------------------------
Andy Greene              0  0  0   1  0   1  1  2  0  0  0/0    25:29   4:12   6:22 
Brandon Dubinsky         0  1  1   0  2   1  3  0  0  0  4/11   17:48   0:00   5:25 
Brenden Dillon           0  0  0  -1  2   0  1  0  0  0  0/0    12:50   0:00   1:03 
Colton Sceviour          0  0  0   0  0   1  0  0  0  0  4/7     5:27   0:00   0:00 
Evander Kane             0  1  1   0  2   0  3  0  0  0  2/4    19:30   4:30   6:01 
Jarome Iginla            1  0  1   1  0   5  1  0  0  0  1/1    19:44   5:25   1:31 
Jarret Stoll             0  0  0   0  0   0  2  0  0  0  6/10   12:24   0:00   3:24 
Jason Demers             0  0  0  -1  0   5  0  0  0  0  0/0    16:50   5:43   0:00 
Mark Scheifele           1  0  1   0  0   3  0  1  0  0  0/0    12:24   0:00   0:00 
Milan Lucic              0  0  0   1  0   2  4  0  0  0  1/2    18:13   5:25   0:00 
Paul Stastny             0  0  0   0  0   2  0  0  0  0  10/27  20:58   4:30   4:04 
Shea Weber               0  1  1   1  7   5  2  2  0  0  0/0    21:57   5:43   3:20 
Sheldon Brookbank        0  0  0   0  4   0  0  0  0  0  1/1     5:52   0:00   0:27 
Travis Hamonic           0  0  0   1  0   1  1  2  0  0  0/0    18:58   0:00   4:14 
Tyler Seguin             0  0  0   1  0   8  0  0  0  0  9/28   18:13   5:25   0:00 
Wayne Simmonds           1  0  1   0  0   6  0  0  0  0  3/3    13:30   4:30   0:00 
Zack Kassian             0  0  0   0  0   1  0  0  0  0  0/0     5:27   0:00   0:00 
Zdeno Chara              0  2  2   1  2   5  6  0  0  0  0/0    23:52   4:12   5:53 

3 Stars

1 - David Backes (FLA)
2 - Kyle Turris (FLA)
3 - Zdeno Chara (DAL)

Power Play

Panthers - 2 on 7 Attempt(s) - 28.57%
Stars - 0 on 5 Attempt(s) - 0.00%

Penalty Kill

Panthers - 5 on 5 Attempt(s) - 100.00% - Score 0 goal in Penalty Kill
Stars - 5 on 7 Attempt(s) - 71.43% - Score 0 goal in Penalty Kill

Official

Referees : Dean Morton and Kyle Rehman
Linesman : Brian Mach and Bryan Pancich

Game Notes

Shea Weber beats up Sami Salo at 16:33 of 1st period
Braden Holtby enters game at 0:54 of 3rd period

Finance

Level 1 -- Attendance: 5716 (95.27%) -- Ticket Income $583,032
Level 2 -- Attendance: 4533 (90.66%) -- Ticket Income $339,975
Level 3 -- Attendance: 2000 (100.00%) -- Ticket Income $110,000
Level 4 -- Attendance: 2095 (46.23%) -- Ticket Income $94,275
Luxury Box -- Attendance: 1000 (100.00%) -- Ticket Income $200,000
Game was played at the American Airlines Center
Total Attendance: 15344 (82.80%)
Total Ticket Income: $1,327,282
Other Income: $199,092
Total Income: $1,526,374

% Time on Ice - Panthers

Lines # - Real PCT - Wanted PCT - Time Play
Normal Forward
1 - 39% - 40% - 15:32
2 - 30% - 32% - 11:58
3 - 19% - 23% - 7:41
4 - 11% - 5% - 4:28
Normal Defense
1 - 33% - 40% - 13:01
2 - 34% - 40% - 13:22
3 - 27% - 20% - 10:43
4 - 6% - 0% - 2:33
PP Forward
1 - 53% - 60% - 5:31
2 - 47% - 40% - 4:55
PP Defense
1 - 55% - 60% - 5:47
2 - 45% - 40% - 4:39
PK Forward
1 - 76% - 65% - 7:31
2 - 24% - 35% - 2:24
PK Defense
1 - 52% - 60% - 5:10
2 - 48% - 40% - 4:45
PK3 Forward
1 - 0% - 65%
2 - 0% - 35%
PK3 Defense
1 - 0% - 60%
2 - 0% - 40%
44 Forward
1 - 0% - 60%
2 - 0% - 40%
44 Defense
1 - 0% - 60%
2 - 0% - 40%
Last Minute Offensive  - 0:00
Last Minute Defensive  - 0:00
Total
Forward - 60:00
Defense - 60:00

% Time on Ice - Stars

Lines # - Real PCT - Wanted PCT - Time Play
Normal Forward
1 - 32% - 33% - 12:48
2 - 31% - 32% - 12:24
3 - 23% - 25% - 9:00
4 - 14% - 10% - 5:27
Normal Defense
1 - 37% - 38% - 14:44
2 - 35% - 38% - 13:48
3 - 23% - 19% - 9:15
4 - 5% - 5% - 1:52
PP Forward
1 - 55% - 65% - 5:25
2 - 45% - 35% - 4:30
PP Defense
1 - 58% - 60% - 5:43
2 - 42% - 40% - 4:12
PK Forward
1 - 67% - 55% - 7:02
2 - 33% - 45% - 3:24
PK Defense
1 - 59% - 60% - 6:12
2 - 41% - 40% - 4:14
PK3 Forward
1 - 0% - 60%
2 - 0% - 40%
PK3 Defense
1 - 0% - 60%
2 - 0% - 40%
44 Forward
1 - 0% - 60%
2 - 0% - 40%
44 Defense
1 - 0% - 60%
2 - 0% - 40%
Last Minute Offensive  - 0:00
Last Minute Defensive  - 0:00
Total
Forward - 60:00
Defense - 60:00

Play by Play

1st period


0:01 of 1st period - David Backes wins face-off versus Tyler Seguin in neutral zone.
0:18 of 1st period - Shot by Henrik Zetterberg.
0:18 of 1st period - Shot Misses the Net.
0:27 of 1st period - Icing by Shea Weber.
0:28 of 1st period - Kyle Turris wins face-off versus Tyler Seguin in Stars zone.
0:32 of 1st period - Minor Penalty to Clarke MacArthur for Hooking.
0:33 of 1st period - Marcel Goc wins face-off versus Evander Kane in Panthers zone.
0:42 of 1st period - Shot by Marcel Goc.
0:42 of 1st period - Shot Misses the Net.
0:56 of 1st period - Shot by Zdeno Chara.
0:56 of 1st period - Stopped by Ben Bishop with a rebound.
1:04 of 1st period - Shot by Zdeno Chara.
1:04 of 1st period - Stopped by Ben Bishop without a rebound.
1:05 of 1st period - Tyler Seguin wins face-off versus Marcel Goc in Panthers zone.
1:16 of 1st period - Shot by Jason Demers.
1:16 of 1st period - Stopped by Ben Bishop without a rebound.
1:17 of 1st period - Milan Lucic wins face-off versus Marcel Goc in Panthers zone.
1:24 of 1st period - Shot by Shea Weber.
1:24 of 1st period - Shot Blocked by Danny DeKeyser.
1:34 of 1st period - Shot by Shea Weber.
1:34 of 1st period - Deflect By Jarome Iginla.
1:34 of 1st period - Stopped by Ben Bishop without a rebound.
1:35 of 1st period - Paul Stastny wins face-off versus David Backes in Panthers zone.
1:42 of 1st period - Shot by Paul Stastny.
1:42 of 1st period - Shot Blocked by Niklas Hjalmarsson.
1:44 of 1st period - Shot by Wayne Simmonds.
1:44 of 1st period - Shot Blocked by Niklas Hjalmarsson.
1:46 of 1st period - Shot by Andy Greene.
1:46 of 1st period - Shot Blocked by Niklas Hjalmarsson.
1:48 of 1st period - Shot by Zdeno Chara.
1:48 of 1st period - Shot Misses the Net.
1:50 of 1st period - Shot by Andy Greene.
1:50 of 1st period - Stopped by Ben Bishop without a rebound.
1:51 of 1st period - Tyler Seguin wins face-off versus Marcel Goc in Panthers zone.
2:02 of 1st period - Shot by Shea Weber.
2:02 of 1st period - Shot Misses the Net.
2:04 of 1st period - Shot by Shea Weber.
2:04 of 1st period - Stopped by Ben Bishop without a rebound.
2:05 of 1st period - Wayne Simmonds wins face-off versus Marcel Goc in Panthers zone.
2:12 of 1st period - Shot by Jason Demers.
2:12 of 1st period - Stopped by Ben Bishop with a rebound.
2:14 of 1st period - Shot by Wayne Simmonds.
2:14 of 1st period - Stopped by Ben Bishop with a rebound.
2:16 of 1st period - Shot by Jason Demers.
2:16 of 1st period - Stopped by Ben Bishop without a rebound.
2:17 of 1st period - David Backes wins face-off versus Tyler Seguin in Panthers zone.
2:44 of 1st period - Shot by Clarke MacArthur.
2:44 of 1st period - Shot Blocked by Mark Scheifele.
2:55 of 1st period - Brandon Dubinsky is hit by Hampus Lindholm and loses puck.
3:25 of 1st period - Icing by Shane Doan.
3:26 of 1st period - Shane Doan wins face-off versus Jarret Stoll in Panthers zone.
3:26 of 1st period - Shane Doan is hit by Evander Kane.
3:43 of 1st period - Minor Penalty to Matt Niskanen for Holding.
3:44 of 1st period - Marcel Goc wins face-off versus Tyler Seguin in Panthers zone.
4:06 of 1st period - Shot by Tyler Seguin.
4:06 of 1st period - Stopped by Ben Bishop without a rebound.
4:07 of 1st period - Marcel Goc wins face-off versus Paul Stastny in Panthers zone.
4:22 of 1st period - Shot by Andy Greene.
4:22 of 1st period - Shot Blocked by Matt Carle.
4:24 of 1st period - Shot by Paul Stastny.
4:24 of 1st period - Shot Misses the Net.
4:26 of 1st period - Shot by Zdeno Chara.
4:26 of 1st period - Stopped by Ben Bishop without a rebound.
4:27 of 1st period - David Backes wins face-off versus Tyler Seguin in Panthers zone.
4:27 of 1st period - Henrik Zetterberg is hit by Milan Lucic and loses puck.
4:34 of 1st period - Shot by Jarome Iginla.
4:34 of 1st period - Deflect By Tyler Seguin.
4:34 of 1st period - Shot Misses the Net.
4:53 of 1st period - Shot by Shea Weber.
4:53 of 1st period - Shot Hit the Post.
4:55 of 1st period - Shot by Tyler Seguin.
4:55 of 1st period - Shot Misses the Net.
4:57 of 1st period - Shot by Milan Lucic.
4:57 of 1st period - Stopped by Ben Bishop without a rebound.
4:58 of 1st period - Marcel Goc wins face-off versus Paul Stastny in Panthers zone.
5:04 of 1st period - Icing by Andy Greene.
5:05 of 1st period - Marcel Goc wins face-off versus Paul Stastny in Stars zone.
5:20 of 1st period - Shot by Paul Stastny.
5:20 of 1st period - Stopped by Ben Bishop with a rebound.
5:22 of 1st period - Shot by Paul Stastny.
5:22 of 1st period - Stopped by Ben Bishop without a rebound.
5:23 of 1st period - Marcel Goc wins face-off versus Tyler Seguin in Panthers zone.
5:23 of 1st period - Marcel Goc is hit by Jarome Iginla.
5:43 of 1st period - Niklas Hjalmarsson is hit by Jarret Stoll and loses puck.
5:56 of 1st period - Shot by Wayne Simmonds.
5:56 of 1st period - Goal by Wayne Simmonds - Panthers : 0 - Stars : 1.
5:57 of 1st period - David Backes wins face-off versus Paul Stastny in neutral zone.
6:19 of 1st period - Shot by David Backes.
6:19 of 1st period - Stopped by Semyon Varlamov without a rebound.
6:20 of 1st period - Nathan MacKinnon wins face-off versus Tyler Seguin in Stars zone.
7:57 of 1st period - Shot by Wayne Simmonds.
7:57 of 1st period - Stopped by Ben Bishop without a rebound.
7:58 of 1st period - Shane Doan wins face-off versus Paul Stastny in Panthers zone.
8:10 of 1st period - Shot by Jason Demers.
8:10 of 1st period - Shot Blocked by Sami Salo.
8:11 of 1st period - Minor Penalty to Sami Salo for Roughing.
8:12 of 1st period - Marcel Goc wins face-off versus Paul Stastny in Panthers zone.
8:31 of 1st period - Shot by Shea Weber.
8:31 of 1st period - Shot Blocked by Danny DeKeyser.
9:50 of 1st period - Shot by Zdeno Chara.
9:50 of 1st period - Shot Blocked by Hampus Lindholm.
9:52 of 1st period - Shot by Zdeno Chara.
9:52 of 1st period - Shot Misses the Net.
9:54 of 1st period - Shot by Zdeno Chara.
9:54 of 1st period - Shot Misses the Net.
10:16 of 1st period - Icing by Sami Salo.
10:17 of 1st period - Colton Sceviour wins face-off versus Clarke MacArthur in Panthers zone.
10:17 of 1st period - Shea Weber is hit by Matt Niskanen and loses puck.
10:24 of 1st period - Shot by Zack Kassian.
10:24 of 1st period - Shot Misses the Net.
10:26 of 1st period - Shot by Zack Kassian.
10:26 of 1st period - Shot Misses the Net.
12:13 of 1st period - Wayne Simmonds is hit by Sami Salo and loses puck.
12:34 of 1st period - Shot by David Backes.
12:34 of 1st period - Shot Misses the Net.
12:36 of 1st period - Shot by Hampus Lindholm.
12:36 of 1st period - Shot Blocked by Andy Greene.
12:38 of 1st period - Shot by Sami Salo.
12:38 of 1st period - Goal by Sami Salo - Panthers : 1 - Stars : 1.
12:39 of 1st period - Kyle Turris wins face-off versus Tyler Seguin in neutral zone.
12:56 of 1st period - Shot by Milan Lucic.
12:56 of 1st period - Shot Misses the Net.
13:04 of 1st period - Shot by Tyler Seguin.
13:04 of 1st period - Shot Blocked by Matt Niskanen.
13:06 of 1st period - Shot by Tyler Seguin.
13:06 of 1st period - Stopped by Ben Bishop without a rebound.
13:07 of 1st period - Nathan MacKinnon wins face-off versus Paul Stastny in Panthers zone.
13:07 of 1st period - Nathan MacKinnon is hit by Brandon Dubinsky.
13:23 of 1st period - Shot by Lauri Korpikoski.
13:23 of 1st period - Stopped by Semyon Varlamov without a rebound.
13:24 of 1st period - David Backes wins face-off versus Tyler Seguin in Stars zone.
13:24 of 1st period - David Backes is hit by Zdeno Chara.
13:26 of 1st period - Shot by Matt Niskanen.
13:26 of 1st period - Stopped by Semyon Varlamov with a rebound.
13:29 of 1st period - Icing by Zdeno Chara.
13:30 of 1st period - David Backes wins face-off versus Tyler Seguin in Stars zone.
13:42 of 1st period - Off-side.
13:43 of 1st period - Kyle Turris wins face-off versus Paul Stastny in neutral zone.
13:45 of 1st period - Off-side.
13:46 of 1st period - Paul Stastny wins face-off versus David Backes in neutral zone.
14:59 of 1st period - Shot by Tyler Seguin.
14:59 of 1st period - Stopped by Ben Bishop without a rebound.
15:00 of 1st period - Jarret Stoll wins face-off versus Shane Doan in Panthers zone.
15:01 of 1st period - Shot by Wayne Simmonds.
15:01 of 1st period - Stopped by Ben Bishop with a rebound.
15:15 of 1st period - Shot by Kyle Turris.
15:15 of 1st period - Goal by Kyle Turris - Panthers : 2 - Stars : 1.
15:16 of 1st period - Tyler Seguin wins face-off versus Nathan MacKinnon in neutral zone.
15:30 of 1st period - Shot by Patric Hornqvist.
15:30 of 1st period - Shot Misses the Net.
16:33 of 1st period - Shea Weber beats up Sami Salo.
16:33 of 1st period - Penalty to Shea Weber for Fighting.
16:33 of 1st period - Penalty to Sami Salo for Fighting.
16:34 of 1st period - Jarret Stoll wins face-off versus David Backes in Panthers zone.
16:45 of 1st period - Niklas Hjalmarsson is hit by Evander Kane and loses puck.
17:40 of 1st period - Icing by Danny DeKeyser.
17:41 of 1st period - David Backes wins face-off versus Tyler Seguin in Panthers zone.
18:20 of 1st period - Shot by Tyler Seguin.
18:20 of 1st period - Shot Misses the Net.
18:22 of 1st period - Shot by Andy Greene.
18:22 of 1st period - Shot Misses the Net.
18:24 of 1st period - Shot by Travis Hamonic.
18:24 of 1st period - Stopped by Ben Bishop with a rebound.
18:26 of 1st period - Shot by Milan Lucic.
18:26 of 1st period - Shot Misses the Net.
19:44 of 1st period - Shot by Evander Kane.
19:44 of 1st period - Shot Blocked by Hampus Lindholm.
19:46 of 1st period - Shot by Andy Greene.
19:46 of 1st period - Shot Misses the Net.
19:48 of 1st period - Shot by Zdeno Chara.
19:48 of 1st period - Stopped by Ben Bishop with a rebound.
19:52 of 1st period - Shot by Wayne Simmonds.
19:52 of 1st period - Stopped by Ben Bishop with a rebound.
Goals for this period are 2 for Panthers vs 1 for Stars.
Shots for this period are 5 for Panthers vs 22 for Stars.

2nd period


0:01 of 2nd period - David Backes wins face-off versus Paul Stastny in neutral zone.
1:09 of 2nd period - Shot by Tyler Seguin.
1:09 of 2nd period - Shot Misses the Net.
1:11 of 2nd period - Shot by Jarome Iginla.
1:11 of 2nd period - Shot Misses the Net.
1:13 of 2nd period - Shot by Jarome Iginla.
1:13 of 2nd period - Shot Misses the Net.
1:23 of 2nd period - Shot by Tyler Seguin.
1:23 of 2nd period - Stopped by Ben Bishop without a rebound.
1:24 of 2nd period - Colton Sceviour wins face-off versus Kyle Turris in Panthers zone.
1:24 of 2nd period - Travis Hamonic is hit by Danny DeKeyser and loses puck.
1:32 of 2nd period - Minor Penalty to Sheldon Brookbank for Hooking.
1:33 of 2nd period - Kyle Turris wins face-off versus Brandon Dubinsky in Stars zone.
1:33 of 2nd period - Patric Hornqvist is hit by Zdeno Chara and loses puck.
1:46 of 2nd period - Shot by Patric Hornqvist.
1:46 of 2nd period - Deflect By Kyle Turris.
1:46 of 2nd period - Shot Misses the Net.
1:48 of 2nd period - Shot by Niklas Hjalmarsson.
1:48 of 2nd period - Stopped by Semyon Varlamov without a rebound.
1:49 of 2nd period - Brandon Dubinsky wins face-off versus Kyle Turris in Stars zone.
2:20 of 2nd period - Shot by Patric Hornqvist.
2:20 of 2nd period - Stopped by Semyon Varlamov without a rebound.
2:21 of 2nd period - Paul Stastny wins face-off versus David Backes in Stars zone.
3:31 of 2nd period - Shot by Kyle Turris.
3:31 of 2nd period - Shot Misses the Net.
3:48 of 2nd period - Minor Penalty to Brenden Dillon for Tripping.
3:49 of 2nd period - David Backes wins face-off versus Paul Stastny in Stars zone.
3:49 of 2nd period - Matt Niskanen is hit by Travis Hamonic and loses puck.
3:56 of 2nd period - Shot by Matt Niskanen.
3:56 of 2nd period - Shot Blocked by Shea Weber.
4:32 of 2nd period - Shot by Kyle Turris.
4:32 of 2nd period - Goal by Kyle Turris - Panthers : 3 - Stars : 1.
4:33 of 2nd period - Tyler Seguin wins face-off versus Rob Klinkhammer in neutral zone.
5:06 of 2nd period - Shot by Jarome Iginla.
5:06 of 2nd period - Goal by Jarome Iginla - Panthers : 3 - Stars : 2.
5:07 of 2nd period - Colton Sceviour wins face-off versus Kyle Turris in neutral zone.
5:09 of 2nd period - Off-side.
5:10 of 2nd period - Jarret Stoll wins face-off versus Kyle Turris in neutral zone.
5:26 of 2nd period - Icing by Kyle Turris.
5:27 of 2nd period - Kyle Turris wins face-off versus Paul Stastny in Panthers zone.
5:31 of 2nd period - Matt Niskanen is hit by Shea Weber and loses puck.
5:32 of 2nd period - Minor Penalty to Shea Weber for Slashing.
5:33 of 2nd period - Brandon Dubinsky wins face-off versus David Backes in Stars zone.
5:45 of 2nd period - Shot by Hampus Lindholm.
5:45 of 2nd period - Shot Misses the Net.
6:39 of 2nd period - Shot by Danny DeKeyser.
6:39 of 2nd period - Shot Blocked by Travis Hamonic.
6:58 of 2nd period - Icing by Danny DeKeyser.
6:59 of 2nd period - Brandon Dubinsky wins face-off versus Kyle Turris in Panthers zone.
7:02 of 2nd period - Shot by Brandon Dubinsky.
7:02 of 2nd period - Shot Misses the Net.
7:04 of 2nd period - Shot by Travis Hamonic.
7:04 of 2nd period - Shot Blocked by Danny DeKeyser.
7:16 of 2nd period - Shot by Matt Carle.
7:16 of 2nd period - Shot Misses the Net.
7:29 of 2nd period - Off-side.
7:30 of 2nd period - Rick Nash wins face-off versus Paul Stastny in neutral zone.
8:01 of 2nd period - Off-side.
8:02 of 2nd period - Colton Sceviour wins face-off versus David Backes in neutral zone.
8:11 of 2nd period - Shot by Colton Sceviour.
8:11 of 2nd period - Shot Blocked by Matt Niskanen.
8:39 of 2nd period - Shot by Sheldon Brookbank.
8:39 of 2nd period - Deflect By Colton Sceviour.
8:39 of 2nd period - Shot Blocked by Matt Niskanen.
8:42 of 2nd period - Minor Penalty to Sheldon Brookbank for Tripping.
8:43 of 2nd period - Kyle Turris wins face-off versus Brandon Dubinsky in Stars zone.
8:44 of 2nd period - Shot by Hampus Lindholm.
8:44 of 2nd period - Stopped by Semyon Varlamov without a rebound.
8:45 of 2nd period - Kyle Turris wins face-off versus Brandon Dubinsky in Stars zone.
8:56 of 2nd period - Shot by Patric Hornqvist.
8:56 of 2nd period - Shot Misses the Net.
8:58 of 2nd period - Shot by Hampus Lindholm.
8:58 of 2nd period - Shot Misses the Net.
9:00 of 2nd period - Shot by Shane Doan.
9:00 of 2nd period - Stopped by Semyon Varlamov without a rebound.
9:01 of 2nd period - David Backes wins face-off versus Brandon Dubinsky in Stars zone.
9:39 of 2nd period - Shot by Danny DeKeyser.
9:39 of 2nd period - Stopped by Semyon Varlamov without a rebound.
9:40 of 2nd period - Paul Stastny wins face-off versus Kyle Turris in Stars zone.
9:40 of 2nd period - Paul Stastny is hit by Shane Doan.
9:49 of 2nd period - Icing by Kyle Turris.
9:50 of 2nd period - Brandon Dubinsky wins face-off versus Kyle Turris in Panthers zone.
10:07 of 2nd period - Shot by Patric Hornqvist.
10:07 of 2nd period - Shot Misses the Net.
10:19 of 2nd period - Shot by Matt Niskanen.
10:19 of 2nd period - Shot Misses the Net.
10:21 of 2nd period - Shot by Patric Hornqvist.
10:21 of 2nd period - Stopped by Semyon Varlamov without a rebound.
10:22 of 2nd period - David Backes wins face-off versus Brandon Dubinsky in Stars zone.
10:50 of 2nd period - Off-side.
10:51 of 2nd period - Tyler Seguin wins face-off versus Kyle Turris in neutral zone.
10:56 of 2nd period - Shot by Milan Lucic.
10:56 of 2nd period - Stopped by Ben Bishop without a rebound.
10:57 of 2nd period - David Backes wins face-off versus Paul Stastny in Panthers zone.
10:57 of 2nd period - Henrik Zetterberg is hit by Brandon Dubinsky.
11:00 of 2nd period - Matt Niskanen is hit by Brandon Dubinsky and loses puck.
11:07 of 2nd period - Shot by Henrik Zetterberg.
11:07 of 2nd period - Shot Misses the Net.
11:14 of 2nd period - Rick Nash is hit by Andy Greene and loses puck.
11:22 of 2nd period - David Backes is hit by Zdeno Chara and loses puck.
11:28 of 2nd period - David Backes is hit by Zdeno Chara and loses puck.
11:36 of 2nd period - David Backes is hit by Zdeno Chara and loses puck.
11:39 of 2nd period - Shot by David Backes.
11:39 of 2nd period - Shot Misses the Net.
12:37 of 2nd period - Shot by Tyler Seguin.
12:37 of 2nd period - Stopped by Ben Bishop with a rebound.
12:39 of 2nd period - Shot by Shea Weber.
12:39 of 2nd period - Shot Misses the Net.
13:07 of 2nd period - Icing by Jason Demers.
13:08 of 2nd period - Nathan MacKinnon wins face-off versus Jarret Stoll in Stars zone.
13:20 of 2nd period - Off-side.
13:21 of 2nd period - Paul Stastny wins face-off versus David Backes in neutral zone.
13:57 of 2nd period - Shot by Henrik Zetterberg.
13:57 of 2nd period - Stopped by Semyon Varlamov without a rebound.
13:58 of 2nd period - Tyler Seguin wins face-off versus Nathan MacKinnon in Stars zone.
15:28 of 2nd period - Danny DeKeyser is hit by Jarret Stoll.
15:42 of 2nd period - Shot by Wayne Simmonds.
15:42 of 2nd period - Shot Misses the Net.
16:02 of 2nd period - Shot by Danny DeKeyser.
16:02 of 2nd period - Deflect By Rick Nash.
16:02 of 2nd period - Shot Misses the Net.
16:20 of 2nd period - Brandon Dubinsky is hit by David Backes and loses puck.
16:32 of 2nd period - Kyle Turris is hit by Brenden Dillon and loses puck.
17:07 of 2nd period - Shot by Kyle Turris.
17:07 of 2nd period - Stopped by Semyon Varlamov with a rebound.
17:25 of 2nd period - Shot by Zack Kassian.
17:25 of 2nd period - Stopped by Ben Bishop without a rebound.
17:26 of 2nd period - Marcel Goc wins face-off versus Milan Lucic in Panthers zone.
17:35 of 2nd period - Shot by Tyler Seguin.
17:35 of 2nd period - Shot Misses the Net.
17:37 of 2nd period - Shot by Jarome Iginla.
17:37 of 2nd period - Stopped by Ben Bishop with a rebound.
17:39 of 2nd period - Shot by Zdeno Chara.
17:39 of 2nd period - Shot Blocked by Matt Niskanen.
17:45 of 2nd period - Shot by Milan Lucic.
17:45 of 2nd period - Deflect By Jarome Iginla.
17:45 of 2nd period - Shot Blocked by Matt Carle.
18:00 of 2nd period - Off-side.
18:01 of 2nd period - Wayne Simmonds wins face-off versus Nathan MacKinnon in neutral zone.
18:01 of 2nd period - Minor Penalty to Patric Hornqvist for Roughing.
18:02 of 2nd period - Wayne Simmonds wins face-off versus Marcel Goc in Panthers zone.
18:03 of 2nd period - Shot by Shea Weber.
18:03 of 2nd period - Shot Misses the Net.
18:05 of 2nd period - Shot by Evander Kane.
18:05 of 2nd period - Shot Misses the Net.
18:07 of 2nd period - Shot by Jason Demers.
18:07 of 2nd period - Stopped by Ben Bishop with a rebound.
18:09 of 2nd period - Shot by Paul Stastny.
18:09 of 2nd period - Shot Misses the Net.
18:11 of 2nd period - Shot by Paul Stastny.
18:11 of 2nd period - Shot Misses the Net.
18:13 of 2nd period - Shot by Shea Weber.
18:13 of 2nd period - Stopped by Ben Bishop without a rebound.
18:14 of 2nd period - Marcel Goc wins face-off versus Tyler Seguin in Panthers zone.
18:23 of 2nd period - Shot by Shea Weber.
18:23 of 2nd period - Stopped by Ben Bishop without a rebound.
18:24 of 2nd period - Marcel Goc wins face-off versus Tyler Seguin in Panthers zone.
18:39 of 2nd period - Shot by Jarome Iginla.
18:39 of 2nd period - Shot Blocked by Danny DeKeyser.
18:50 of 2nd period - Off-side.
18:51 of 2nd period - Marcel Goc wins face-off versus Paul Stastny in neutral zone.
18:54 of 2nd period - Zdeno Chara is hit by Marcel Goc and loses puck.
19:05 of 2nd period - Shot by Zdeno Chara.
19:05 of 2nd period - Stopped by Ben Bishop without a rebound.
19:06 of 2nd period - Marcel Goc wins face-off versus Tyler Seguin in Panthers zone.
19:06 of 2nd period - Marcel Goc is hit by Milan Lucic.
19:32 of 2nd period - Icing by Jarome Iginla.
19:33 of 2nd period - Marcel Goc wins face-off versus Tyler Seguin in Stars zone.
19:33 of 2nd period - Marcel Goc is hit by Shea Weber.
19:55 of 2nd period - Shot by Shea Weber.
19:55 of 2nd period - Deflect By Tyler Seguin.
19:55 of 2nd period - Stopped by Ben Bishop without a rebound.
19:56 of 2nd period - Paul Stastny wins face-off versus David Backes in Panthers zone.
19:59 of 2nd period - Shot by Wayne Simmonds.
19:59 of 2nd period - Stopped by Ben Bishop without a rebound.
Goals for this period are 1 for Panthers vs 1 for Stars.
Shots for this period are 9 for Panthers vs 12 for Stars.

3rd period


0:01 of 3rd period - Paul Stastny wins face-off versus David Backes in neutral zone.
0:05 of 3rd period - Andy Greene is hit by Danny DeKeyser and loses puck.
0:16 of 3rd period - Henrik Zetterberg is hit by Zdeno Chara and loses puck.
0:18 of 3rd period - Minor Penalty to Zdeno Chara for Boarding.
0:19 of 3rd period - Evander Kane wins face-off versus Kyle Turris in Stars zone.
0:47 of 3rd period - Shot by Patric Hornqvist.
0:47 of 3rd period - Stopped by Semyon Varlamov without a rebound.
0:48 of 3rd period - David Backes wins face-off versus Brandon Dubinsky in Stars zone.
0:52 of 3rd period - Shot by Danny DeKeyser.
0:52 of 3rd period - Shot Misses the Net.
0:54 of 3rd period - Shot by David Backes.
0:54 of 3rd period - Goal by David Backes - Panthers : 4 - Stars : 2.
0:54 of 3rd period - Braden Holtby enters game.
0:55 of 3rd period - Jarret Stoll wins face-off versus David Backes in neutral zone.
1:08 of 3rd period - Shot by Evander Kane.
1:08 of 3rd period - Deflect By Wayne Simmonds.
1:08 of 3rd period - Shot Misses the Net.
1:56 of 3rd period - Shot by Mark Scheifele.
1:56 of 3rd period - Shot Blocked by Danny DeKeyser.
2:02 of 3rd period - Shot by Mark Scheifele.
2:02 of 3rd period - Stopped by Ben Bishop without a rebound.
2:03 of 3rd period - Shane Doan wins face-off versus Tyler Seguin in Panthers zone.
2:03 of 3rd period - Clarke MacArthur is hit by Milan Lucic and loses puck.
2:14 of 3rd period - Shot by Clarke MacArthur.
2:14 of 3rd period - Shot Misses the Net.
2:16 of 3rd period - Shot by Shane Doan.
2:16 of 3rd period - Shot Misses the Net.
2:53 of 3rd period - Minor Penalty to Lauri Korpikoski for Tripping.
2:54 of 3rd period - Marcel Goc wins face-off versus Paul Stastny in Panthers zone.
3:24 of 3rd period - Danny DeKeyser is hit by Evander Kane and loses puck.
3:41 of 3rd period - Shot by Zdeno Chara.
3:41 of 3rd period - Shot Misses the Net.
3:55 of 3rd period - Shot by Jarome Iginla.
3:55 of 3rd period - Shot Blocked by Matt Carle.
3:57 of 3rd period - Shot by Shea Weber.
3:57 of 3rd period - Stopped by Ben Bishop without a rebound.
3:58 of 3rd period - Tyler Seguin wins face-off versus Patric Hornqvist in Panthers zone.
4:05 of 3rd period - Shot by Jarome Iginla.
4:05 of 3rd period - Stopped by Ben Bishop with a rebound.
4:11 of 3rd period - Shot by Jason Demers.
4:11 of 3rd period - Stopped by Ben Bishop without a rebound.
4:12 of 3rd period - Marcel Goc wins face-off versus Tyler Seguin in Panthers zone.
4:34 of 3rd period - Shot by Tyler Seguin.
4:34 of 3rd period - Stopped by Ben Bishop without a rebound.
4:35 of 3rd period - Paul Stastny wins face-off versus Marcel Goc in Panthers zone.
5:08 of 3rd period - Shot by Colton Sceviour.
5:08 of 3rd period - Shot Misses the Net.
5:10 of 3rd period - Shot by Shea Weber.
5:10 of 3rd period - Shot Blocked by Sami Salo.
5:20 of 3rd period - Shot by Sheldon Brookbank.
5:20 of 3rd period - Shot Misses the Net.
5:58 of 3rd period - Shot by Brandon Dubinsky.
5:58 of 3rd period - Shot Misses the Net.
6:00 of 3rd period - Shot by Brandon Dubinsky.
6:00 of 3rd period - Shot Misses the Net.
6:10 of 3rd period - Shot by Paul Stastny.
6:10 of 3rd period - Shot Blocked by Hampus Lindholm.
6:12 of 3rd period - Shot by Brandon Dubinsky.
6:12 of 3rd period - Shot Misses the Net.
6:48 of 3rd period - Shot by Tyler Seguin.
6:48 of 3rd period - Shot Misses the Net.
7:06 of 3rd period - Shot by Jarome Iginla.
7:06 of 3rd period - Stopped by Ben Bishop without a rebound.
7:07 of 3rd period - Nathan MacKinnon wins face-off versus Jarret Stoll in Panthers zone.
7:16 of 3rd period - Shot by Evander Kane.
7:16 of 3rd period - Shot Blocked by Matt Carle.
7:20 of 3rd period - Shot by Shea Weber.
7:20 of 3rd period - Stopped by Ben Bishop without a rebound.
7:21 of 3rd period - Kyle Turris wins face-off versus Colton Sceviour in Panthers zone.
8:08 of 3rd period - Minor Penalty to Brandon Dubinsky for Tripping.
8:09 of 3rd period - Jarome Iginla wins face-off versus Shane Doan in Stars zone.
8:09 of 3rd period - Jarome Iginla is hit by Shane Doan.
8:52 of 3rd period - Shea Weber is hit by David Backes.
10:08 of 3rd period - Off-side.
10:09 of 3rd period - Nathan MacKinnon wins face-off versus Colton Sceviour in neutral zone.
10:25 of 3rd period - Shot by Nathan MacKinnon.
10:25 of 3rd period - Stopped by Braden Holtby without a rebound.
10:26 of 3rd period - Marcel Goc wins face-off versus Tyler Seguin in Stars zone.
11:26 of 3rd period - Andy Greene is hit by Shane Doan and loses puck.
11:42 of 3rd period - Zdeno Chara is hit by Danny DeKeyser.
11:44 of 3rd period - Shot by Brandon Dubinsky.
11:44 of 3rd period - Stopped by Ben Bishop with a rebound.
11:46 of 3rd period - Shot by Mark Scheifele.
11:46 of 3rd period - Goal by Mark Scheifele - Panthers : 4 - Stars : 3.
11:47 of 3rd period - Lauri Korpikoski wins face-off versus Evander Kane in neutral zone.
11:54 of 3rd period - Shot by Nathan MacKinnon.
11:54 of 3rd period - Shot Misses the Net.
11:56 of 3rd period - Shot by Nathan MacKinnon.
11:56 of 3rd period - Shot Blocked by Shea Weber.
11:58 of 3rd period - Shot by Matt Carle.
11:58 of 3rd period - Stopped by Braden Holtby without a rebound.
11:59 of 3rd period - David Backes wins face-off versus Colton Sceviour in Stars zone.
12:22 of 3rd period - Shot by Colton Sceviour.
12:22 of 3rd period - Stopped by Ben Bishop without a rebound.
12:23 of 3rd period - Paul Stastny wins face-off versus Kyle Turris in Panthers zone.
12:34 of 3rd period - Icing by Shane Doan.
12:35 of 3rd period - Tyler Seguin wins face-off versus Kyle Turris in Panthers zone.
12:35 of 3rd period - Travis Hamonic is hit by Hampus Lindholm and loses puck.
12:46 of 3rd period - Shot by Clarke MacArthur.
12:46 of 3rd period - Shot Blocked by Travis Hamonic.
12:48 of 3rd period - Shot by Sami Salo.
12:48 of 3rd period - Stopped by Braden Holtby without a rebound.
12:49 of 3rd period - Paul Stastny wins face-off versus David Backes in Stars zone.
12:49 of 3rd period - Paul Stastny is hit by David Backes.
13:03 of 3rd period - Off-side.
13:04 of 3rd period - Jarret Stoll wins face-off versus Kyle Turris in neutral zone.
13:04 of 3rd period - Jarret Stoll is hit by Shane Doan.
13:07 of 3rd period - Shea Weber is hit by Danny DeKeyser.
13:10 of 3rd period - Icing by Danny DeKeyser.
13:11 of 3rd period - Kyle Turris wins face-off versus Paul Stastny in Panthers zone.
13:40 of 3rd period - Shot by Danny DeKeyser.
13:40 of 3rd period - Shot Blocked by Andy Greene.
13:42 of 3rd period - Shot by Clarke MacArthur.
13:42 of 3rd period - Shot Misses the Net.
13:44 of 3rd period - Shot by Niklas Hjalmarsson.
13:44 of 3rd period - Stopped by Braden Holtby without a rebound.
13:45 of 3rd period - David Backes wins face-off versus Jarret Stoll in Stars zone.
13:58 of 3rd period - Off-side.
13:59 of 3rd period - Tyler Seguin wins face-off versus Nathan MacKinnon in neutral zone.
14:06 of 3rd period - Patric Hornqvist is hit by Milan Lucic and loses puck.
15:23 of 3rd period - Shot by Mark Scheifele.
15:23 of 3rd period - Shot Misses the Net.
16:14 of 3rd period - Icing by Kyle Turris.
16:15 of 3rd period - Sheldon Brookbank wins face-off versus Shane Doan in Panthers zone.
16:45 of 3rd period - Shot by Shane Doan.
16:45 of 3rd period - Shot Misses the Net.
17:02 of 3rd period - Off-side.
17:03 of 3rd period - Nathan MacKinnon wins face-off versus Paul Stastny in neutral zone.
17:20 of 3rd period - Shot by Nathan MacKinnon.
17:20 of 3rd period - Shot Misses the Net.
17:34 of 3rd period - Shot by Mark Scheifele.
17:34 of 3rd period - Stopped by Ben Bishop without a rebound.
17:35 of 3rd period - Evander Kane wins face-off versus David Backes in Panthers zone.
17:35 of 3rd period - Shea Weber is hit by Matt Niskanen and loses puck.
17:52 of 3rd period - Shot by David Backes.
17:52 of 3rd period - Stopped by Braden Holtby without a rebound.
17:53 of 3rd period - Kyle Turris wins face-off versus Tyler Seguin in Stars zone.
18:00 of 3rd period - Stars, Braden Holtby is pulled from the net.
18:06 of 3rd period - Shot by Tyler Seguin.
18:06 of 3rd period - Stopped by Ben Bishop without a rebound.
18:07 of 3rd period - Jarret Stoll wins face-off versus Nathan MacKinnon in Panthers zone.
18:38 of 3rd period - Shot by Wayne Simmonds.
18:38 of 3rd period - Shot Misses the Net.
18:49 of 3rd period - Minor Penalty to Evander Kane for Goalie Interference.
18:50 of 3rd period - Braden Holtby from Stars was sent back in the game.
18:50 of 3rd period - David Backes wins face-off versus Brandon Dubinsky in Stars zone.
19:19 of 3rd period - Shot by Hampus Lindholm.
19:19 of 3rd period - Stopped by Braden Holtby with a rebound.
Goals for this period are 1 for Panthers vs 1 for Stars.
Shots for this period are 8 for Panthers vs 12 for Stars.


Output by the SimonT Hockey Simulator (STHS) for Stephane Roy -- Original Page W3C XHTML 1.0 Valid
Hockey Simulator - Hockey Simulation - Hockey Manager